 Dungeon Crawl Stone Soup version 0.16-a0-3920-g0a6a257 (webtiles) character file.

15098 Gorice the Carver (level 11, -26/74 HPs)
             Began as a Demigod Wanderer on Feb 3, 2015.
             Annihilated by a white ugly thing (29 damage)
             ... on level 11 of the Dungeon on Feb 4, 2015.
             The game lasted 02:03:53 (18593 turns).

Gorice the Carver (Demigod Wanderer)               Turns: 18593, Time: 02:03:53

Health: -26/74     AC: 24    Str: 18    XL:     11   Next: 65%
Magic:  21/21      EV:  6    Int: 18    God:
Gold:   604        SH:  0    Dex: 16    Spells: 0 memorised, 13 levels left

rFire  + . .     SeeInvis .     f - +1 falchion (flame)
rCold  . . .     Clarity  +     X - +0 plate armour
rNeg   . . .     SustAb   +     (no shield)
rPois  .         Gourm    .     A - +0 helmet (curse)
rElec  .         Spirit   .     P - +2 cloak {+Inv}
rCorr  .         Warding  .     I - +0 pair of gloves
rMut   .         Stasis   .     (no boots)
MR     +....                    T - amulet of clarity
Stlth  ..........               d - +4 ring of protection
                                m - ring of protection from fire

@: about to teleport, somewhat resistant to hostile enchantments, extremely
unstealthy
A: sustain abilities
a: Evoke Invisibility


You were on level 11 of the Dungeon.
You were not hungry.

You visited 3 branches of the dungeon, and saw 13 of its levels.
You also visited: Ossuary.

You collected 604 gold pieces.

Inventory:

Hand weapons
 a - a +2 scimitar
 b - a +0 hunting sling of flaming
   (You found it on level 1 of the Dungeon)
 e - a +0 great sword
 f - a +1 falchion of flaming (weapon)
   (You took it off a big kobold on level 10 of the Dungeon)
 B - a +0 blowgun
Missiles
 c - 7 steel tomahawks (quivered)
 u - 53 poisoned needles
 w - 59 sling bullets
 Z - 360 stones
Armour
 A - a cursed +0 helmet (worn)
 I - a +0 pair of gloves (worn)
 P - a +2 cloak of invisibility (worn)
   (You found it on level 8 of the Dungeon)
 X - a +0 plate armour (worn)
Jewellery
 d - a +4 ring of protection (right hand)
 m - a ring of protection from fire (left hand)
 o - an uncursed ring of flight
 v - an uncursed amulet of resist mutation
 T - an amulet of clarity (around neck)
Magical devices
 h - a wand of cold (1)
 i - a wand of lightning (0)
 l - a wand of slowing (1)
 q - a wand of digging (7)
 F - a wand of disintegration (12)
 J - a wand of polymorph (8)
 Q - a wand of frost (13)
 V - a wand of disintegration (14)
Scrolls
 s - a scroll of remove curse
 y - 2 scrolls of teleportation {!r}
 z - a scroll of blinking
Potions
 n - a potion of agility {!q}
 p - a potion of lignification {!q}
 r - 2 potions of curing
 R - a potion of resistance {!q}
 W - a potion of berserk rage
Comestibles
 g - 9 meat rations {!e}
 j - a chunk of flesh
 H - 12 fruits


   Skills:
 * Level 14.3 Long Blades
 + Level 10.0 Armour
 - Level 1.0 Stealth
   Level 1.0 Shields
 - Level 1.7 Spellcasting
   Level 2.6 Earth Magic
 - Level 1.0 Evocations


You had 13 spell levels left.
You didn't know any spells.

Dungeon Overview and Level Annotations

Branches:
Dungeon (11/15)            Temple (1/1) D:6            Lair (1/8) D:11
    Orc (0/4) D:10

Shops:
D:11 =

Annotations:
D:9 exclusion: orange crystal statue
Lair:1 UX


Innate Abilities, Weirdness & Mutations

Your attributes are resistant to harm.


Message History

The sling bullet burns the white ugly thing.
The white ugly thing is moderately wounded.
Firing (i - inventory. (,) - cycle):
w - 60 sling bullets (quivered)
Press: ? - help, Shift-Dir - straight line, f/p - white ugly thing
Aim: a white ugly thing (moderately wounded)
You shoot a sling bullet.
The sling bullet barely misses the white ugly thing.
Wield which item (- for none, * to show all)? (? for menu, Esc to quit)
Your +0 hunting sling of flaming stops flaming.
It bursts into flame!
f - a +1 falchion of flaming (weapon)
The white ugly thing bites you but does no damage.
You barely miss the white ugly thing.
The white ugly thing is moderately wounded.
You barely miss the white ugly thing.
The white ugly thing is moderately wounded.
The white ugly thing bites you but does no damage.
You closely miss the white ugly thing.
The white ugly thing is moderately wounded.
You hit the white ugly thing but do no damage.
The white ugly thing is moderately wounded.
The white ugly thing bites you. The white ugly thing freezes you!!
You take 28 damage.
You closely miss the white ugly thing.
The white ugly thing is moderately wounded.
The white ugly thing bites you but does no damage.
You hit the white ugly thing. You burn the white ugly thing.
The white ugly thing is moderately wounded.
You hit the white ugly thing but do no damage.
The white ugly thing is moderately wounded.
The white ugly thing bites you but does no damage.
Your plate armour prevents you from hitting the white ugly thing.
The white ugly thing is moderately wounded.
You slash the white ugly thing! You burn the white ugly thing.
The white ugly thing is heavily wounded.
The white ugly thing bites you. The white ugly thing freezes you!!
* * * LOW HITPOINT WARNING * * *
You take 34 damage.
Unknown command.
Read which item? (? for menu, Esc to quit)
Really read
y - 3 scrolls of teleportation {!r}? [Y]es or [N]o only, please.
Really read
y - 3 scrolls of teleportation {!r}? [Y]es or [N]o only, please.
Really read
y - 3 scrolls of teleportation {!r}?
As you read the scroll of teleportation {!r}, it crumbles to dust.
You feel strangely unstable. The white ugly thing bites you!
* * * LOW HITPOINT WARNING * * *
The white ugly thing freezes you!!
You die...

#.......(<# #........(# ######
#.........# #...... ..
#.........# #.......
#..####.........# #......#
#...............# #......#
##..............(###...>..#
..........................# #...
....((.(..u@.....(<(.......#
#..............................##
#..........#########.######....#.
#......... #.# #....#. #........#
#># #....#' #........# #.#
#...∩.. .........##### ####.#
#...... .....................#
#......
.....................######......


You could see a white ugly thing.

Vanquished Creatures
  2 hydras
  A tengu warrior (D:11)
  An unseen horror (D:11)
  A hill giant (D:10)
  Pikel (D:5)
  A griffon (D:11)
  An ugly thing (D:11)
  A gargoyle (D:11)
  A troll (D:11)
  A two-headed ogre (D:9)
  A blink frog (D:8)
  A griffon zombie (D:11)
  A deep elf mage (D:11)
  2 hungry ghosts (D:7)
  2 wraiths
  8 yaks (D:10)
  8 orc warriors
  4 sky beasts
  A black bear (D:8)
  9 centaurs
  7 ogres
  2 phantoms
  The ghost of Gronka the Charlatan, an average MiAr of Cheibriados (D:4)
  A crocodile (D:11)
  3 ice beasts
  2 necrophages
  4 big kobolds
  An elf zombie (Ossuary)
  7 giant frogs
  A water moccasin skeleton (D:9)
  4 scorpions (D:6)
  13 wights
  5 crimson imps
  4 centaur skeletons
  A goliath beetle (D:6)
  A human zombie (Ossuary)
  5 hounds
  An iguana (D:6)
  3 jellies
  2 quasits
  13 orc priests
  8 orc wizards
  9 worker ants
  5 giant frog skeletons
  A gnoll shaman (D:4)
  2 sheep (D:10)
  2 killer bee zombies
  A big kobold zombie (Ossuary)
  A hound skeleton (D:11)
  A mummy (Ossuary)
  A worker ant zombie (D:10)
  19 adders
  7 gnolls
  3 shadow imps
  3 worms
  2 adder skeletons
  2 adder zombies
  5 giant geckos
  2 oozes
  51 orcs
  11 bats
  A bat skeleton (D:4)
  2 bat zombies (D:6)
  3 giant cockroaches
  A gnoll zombie (Ossuary)
  13 hobgoblins
  4 jackals
  22 kobolds
  3 quokkas
  4 ball pythons
  2 giant gecko skeletons
  6 giant newts
  13 goblins
  A goblin zombie (Ossuary)
  A hobgoblin zombie (Ossuary)
  2 jackal zombies
  A kobold zombie (Ossuary)
  2 quokka skeletons
  18 rats
  A plant (D:11)
365 creatures vanquished.

Vanquished Creatures (others)
  A slave (D:5)
  A giant frog skeleton (D:5)
2 creatures vanquished.

Grand Total: 367 creatures vanquished

Notes
Turn   | Place    | Note
--------------------------------------------------------------
     0 | D:1      | Gorice, the Demigod Wanderer, began the quest for the Orb.
     0 | D:1      | Gorice set off with: a book of Geomancy, a +0 falchion, a wand of random effects (15), a +0 robe, a bread ration {!e}
     0 | D:1      | Reached XP level 1. HP: 14/14 MP: 3/3
    55 | D:1      | Reached skill level 2 in Long Blades
    68 | D:1      | HP: 4/14 [kobold (3)]
   585 | D:1      | Reached XP level 2. HP: 11/20 MP: 4/4
  1049 | D:1      | Reached skill level 3 in Long Blades
  1397 | D:1      | Reached XP level 3. HP: 18/26 MP: 7/7
  1847 | D:2      | Found a shadowy altar of Dithmenos.
  1874 | D:2      | Found an opulent altar of Gozag.
  2207 | D:2      | Found a radiant altar of Vehumet.
  2542 | D:2      | Found a basalt altar of Yredelemnul.
  3005 | D:3      | Reached XP level 4. HP: 17/33 MP: 9/9
  3125 | D:3      | Reached skill level 4 in Long Blades
  3250 | D:3      | Reached skill level 1 in Armour
  3254 | D:3      | HP: 9/33 [orc/enchanted short sword (3)]
  3599 | D:3      | Found a shattered altar of Ashenzari.
  3718 | D:3      | HP: 9/33 [poisoned by an adder]
  3725 | D:3      | HP: 7/33 [poisoned by an adder]
  3732 | D:3      | HP: 6/33 [poisoned by an adder]
  3740 | D:2      | HP: 4/33 [poisoned by an adder]
  4544 | D:3      | Reached XP level 5. HP: 17/38 MP: 10/10
  4555 | D:3      | HP: 11/38 [poisoned by a worker ant]
  4561 | D:3      | HP: 10/38 [poisoned by a worker ant]
  4569 | D:3      | HP: 9/38 [poisoned by a worker ant]
  5047 | D:3      | HP: 10/38 [gnoll/vampiric whip (7)]
  5291 | D:4      | Reached skill level 5 in Long Blades
  5549 | D:4      | Noticed Gronka's ghost (average MiAr)
  5651 | D:3      | Reached skill level 2 in Armour
  6185 | D:4      | Killed Gronka's ghost
  6185 | D:4      | Reached XP level 6. HP: 26/45 MP: 13/13
  6390 | D:5      | Entered Level 5 of the Dungeon
  6617 | D:4      | Reached skill level 6 in Long Blades
  6919 | D:5      | Reached skill level 3 in Armour
  7036 | D:4      | Reached XP level 7. HP: 40/50 MP: 15/15
  7396 | D:5      | Noticed Pikel
  7413 | D:5      | Killed Pikel
  7413 | D:5      | Reached skill level 7 in Long Blades
  7413 | D:5      | Reached skill level 4 in Armour
  7422 | D:5      | Reached skill level 8 in Long Blades
  7422 | D:5      | Reached XP level 8. HP: 57/57 MP: 17/17
  8608 | D:5      | Reached skill level 5 in Armour
  8698 | D:6      | Reached skill level 9 in Long Blades
  8914 | D:6      | Found a staircase to the Ecumenical Temple.
  9639 | Temple   | Entered the Ecumenical Temple
  9717 | D:6      | Reached XP level 9. HP: 53/62 MP: 18/18
  9807 | D:6      | Reached skill level 6 in Armour
 10023 | D:6      | Reached skill level 10 in Long Blades
 10696 | D:7      | Found a deep blue altar of Sif Muna.
 10815 | D:7      | Found a radiant altar of Vehumet.
 10963 | D:7      | Found an iron altar of Okawaru.
 10963 | D:7      | Found a blossoming altar of Fedhas.
 10965 | D:7      | Found a white marble altar of Elyvilon.
 10967 | D:7      | Found a sacrificial altar of Ru.
 11366 | D:8      | Reached skill level 11 in Long Blades
 11446 | D:8      | Identified the Disquisition on Toxic Creation (You found it on level 8 of the Dungeon)
 11540 | D:8      | Found a sand-covered staircase.
 11598 | Ossuary  | Entered an ossuary
 11600 | Ossuary  | Noticed ConnectionFaild's ghost (experienced SpAr)
 11628 | Ossuary  | HP: 18/62 [big kobold zombie (3)]
 11728 | Ossuary  | HP: 15/62 [human zombie (5)]
 11734 | Ossuary  | HP: 15/62 [ConnectionFaild's ghost (5)]
 11943 | D:8      | Reached skill level 7 in Armour
 12451 | D:8      | Noticed Maurice
 12523 | D:8      | Noticed Maurice
 12523 | D:8      | Maurice changed into Maurice the blink frog
 12530 | D:8      | Killed Maurice the blink frog
 12661 | D:8      | Found a stormy altar of Qazlal.
 12834 | D:9      | Noticed an orange crystal statue
 12906 | D:9      | Reached XP level 10. HP: 66/69 MP: 20/20
 13787 | D:10     | Entered Level 10 of the Dungeon
 14222 | D:10     | Noticed a hill giant
 14289 | D:9      | Reached skill level 12 in Long Blades
 14485 | D:10     | Reached skill level 8 in Armour
 15771 | D:10     | Found a roughly hewn altar of Beogh.
 15798 | D:10     | Found a staircase to the Orcish Mines.
 15989 | D:10     | Noticed a three-headed hydra
 16004 | D:10     | Killed a one-headed hydra
 16004 | D:10     | Reached skill level 13 in Long Blades
 16252 | D:10     | Killed a hill giant
 16252 | D:10     | Reached skill level 9 in Armour
 16252 | D:10     | Reached XP level 11. HP: 37/74 MP: 21/21
 16432 | D:11     | Found Kedy's Jewellery Shoppe.
 16527 | D:10     | Upgraded the game from 0.16-a0-3911-g06eb01e to 0.16-a0-3920-g0a6a257
 16821 | D:11     | Killed an unseen horror
 17030 | D:11     | HP: 20/74 [griffon zombie[a shadow imp] (5)]
 17319 | D:10     | Identified a scroll of acquirement
 17330 | D:11     | Found a staircase to the Lair.
 17402 | D:11     | Noticed a five-headed hydra
 17415 | D:11     | Killed a one-headed hydra
 17805 | Lair:1   | Entered Level 1 of the Lair of Beasts
 17898 | D:11     | Noticed a tengu warrior
 17920 | D:11     | Killed a tengu warrior
 17920 | D:11     | Reached skill level 14 in Long Blades
 18466 | D:11     | Reached skill level 10 in Armour
 18590 | D:11     | HP: 12/74 [white ugly thing (33)]
 18593 | D:11     | HP: 3/74 [white ugly thing (10)]
 18593 | D:11     | Annihilated by a white ugly thing

Action                   |  1- 3 |  4- 6 |  7- 9 | 10-12 || total
-------------------------+-------+-------+-------+-------++-------
Melee: Falchion          |   124 |   255 |   633 |   632 ||  1644
       Long sword        |       |       |       |    12 ||    12
       Scimitar          |       |       |       |   195 ||   195
 Fire: Hunting sling     |    69 |    76 |   175 |    83 ||   403
       Blowgun           |       |       |       |    25 ||    25
Throw: Tomahawk          |       |     2 |     3 |    19 ||    24
Evoke: Wand              |     1 |     6 |    13 |    13 ||    33
  Use: Scroll            |     7 |     5 |     8 |    11 ||    31
       Potion            |       |       |     6 |     2 ||     8
 Stab: Paralysed         |     5 |    12 |       |       ||    17
       Sleeping          |     1 |       |       |       ||     1
  Eat: Chunk             |     6 |    13 |    15 |    16 ||    50
       Pizza             |       |       |     2 |     1 ||     3
       Royal jelly       |       |       |     1 |     1 ||     2

Table legend:
 A = Turns spent in this place as a percentage of turns spent in the entire game.
 B = Non-inter-level travel turns spent in this place as a percentage of non-inter-level travel turns spent in the entire game.
 C = Inter-level travel turns spent in this place as a percentage of turns spent in this place.
 D = Turns resting spent in this place as a percentage of non-inter-level travel turns spent in this place.
 E = Turns spent auto-exploring this place as a percentage of non-inter-level travel turns spent in this place.
 F = Non-inter-level travel turns spent in this place divided by the number of levels of this place that you've seen.
                   A       B       C       D       E      F
               +-------+-------+-------+-------+-------+----------------------
         Total | 100.0 | 100.0 |   0.4 |   2.1 |   2.4 | 592.0
       Dungeon |  97.2 |  97.2 |   0.4 |   2.1 |   2.5 | 732.6
        Temple |   0.3 |   0.3 |   3.4 |   0.0 |   3.6 |  28.0
          Lair |   0.5 |   0.5 |   0.0 |   0.0 |   0.0 |  40.0
       Ossuary |   1.9 |   1.9 |   0.0 |   0.0 |   0.0 | 161.0
               +-------+-------+-------+-------+-------+----------------------

Vault maps used:
D:1:      dpeg_arrival_line_fractal
D:2:      fiery_altar_vehumet, yredelemnul_altar_generic, lemuel_doored_altar,
          nicolae_gozag_seed_capital, grunt_ministairs_2
D:3:      lemuel_coloured_pillars_altar
D:4:      grunt_decor_mini_mirrors, minmay_surrounded
D:5:      first_bread, minmay_misc_feat_tower, uniq_pikel
D:6:      minmay_temple_entry_glassed_door
D:7:      minitemple, basic_altar
D:8:      nicolae_qazlal_eye_of_the_storm, enter_ossuary_1, serial_aquarium,
          aquarium_bridge_long_separate, aquarium_window_corridor_1,
          aquarium_window_fake, aquarium_window_fake, aquarium_window_1,
          aquarium_view_2g, aquarium_view_2b, aquarium_pool_split, uniq_maurice
D:9:      minmay_protected_statue
D:10:     david_orc_5, enter_bailey_3, hangedman_ranch
D:11:     minmay_ornate_pinched, dpeg_oklobed_lair, serial_shops, shop,
          minmay_beelzebubs_servants
Temple:   minmay_temple_bridge_a_8
Lair:1:   beast_lair_carwin_6
Ossuary:  ossuary_minmay_tomb_2a
